AoeStats
← 客官

Black Forest

507771813Analyzed
4v4 RM · 13d ago on Sep 19, 2026· 44m 45s· 8 players
Game mode
Random Map
Map size
Large (8 player)
Population
200
Speed
Normal
Resources
Standard
Victory
Conquest
Starting age
Dark Age
Ending age
Imperial Age
RankedLock teamsTeams togetherTeam positionsShared explorationLock speedFull tech treeHidden civsTurbo modeCheats
Victory
Defeat
🇦🇷 Chinese · Argentina
1369
+15
🇹🇼 Bohemians · Taiwan
1366
+15
🇨🇳 Magyars · China
1356
+15
🇹🇼 Mongols · Taiwan
1311
+17
🇺🇸 Persians · United States
1413
-19
🇺🇸 Japanese · United States
1407
-18
🇺🇸 Bohemians · United States
1332
-15
🇺🇸 Byzantines · United States
1209
-10
(3A) Lü Bu king
1:00 Loom
11:26 Feudal Age
16:50 Castle Age
15:05 Double-Bit Axe
16:35 Horse Collar
17:58 Bow Saw
18:42 Fervor
19:49 Wheelbarrow
24:03 Hand Cart
27:00 Treadmill Crane
28:22 Chemistry
27:56 Sanctity
28:04 Scale Mail Armor
28:14 Forging
31:09 Imperial Age
28:48 Squires
29:25 Chain Mail Armor
29:06 Pikeman
29:31 Arson
29:56 Heavy Plow
31:20 Ballistics
31:16 Wagenburg Tactics
31:14 Halberdier
32:51 Plate Mail Armor
32:56 Iron Casting
32:09 Houfnice
36:25 Blast Furnace
35:41 Fortified Wall
37:27 Siege Engineers
42:08 Coinage
43:05 Conscription
44:53 Fletching
(3A) King Arthur
10:55 Feudal Age
15:04 Castle Age
12:53 Double-Bit Axe
12:52 Horse Collar
19:47 Bow Saw
21:23 Heavy Plow
26:53 Wheelbarrow
26:36 Gold Mining
26:37 Stone Mining
31:11 Imperial Age
29:30 Gold Shaft Mining
29:31 Stone Shaft Mining
30:04 Ballistics
29:38 Fletching
29:54 Scale Barding Armor
29:52 Husbandry
30:03 Bloodlines
31:25 Bodkin Arrow
31:51 Chain Barding Armor
31:45 Elite Mangudai
32:46 Conscription
33:28 Hand Cart
33:39 Bracer
35:28 Chemistry
38:15 Crossbowman
39:03 Thumb Ring
客官
10:56 Feudal Age
12:20 Wheelbarrow
15:06 Castle Age
13:27 Double-Bit Axe
13:47 Horse Collar
17:48 Town Watch
18:16 Bow Saw
20:45 Loom
23:39 Hand Cart
23:28 Heavy Plow
24:25 Stone Mining
24:26 Gold Mining
28:25 Gold Shaft Mining
30:37 Imperial Age
28:59 Scale Barding Armor
29:07 Bloodlines
28:57 Husbandry
30:43 Chain Barding Armor
30:44 Cavalier
32:28 Plate Barding Armor
32:21 Fletching
32:36 Paladin
34:36 Conscription
34:17 Recurve Bow
34:55 Hoardings
35:02 Caravan
36:37 Bodkin Arrow
36:43 Padded Archer Armor
37:46 Chemistry
37:06 Ballistics
36:52 Siege Engineers
36:47 Murder Holes
40:33 Light Cavalry
42:48 Hussar
ZoonFAunlimónki
0:32 Loom
12:32 Feudal Age
13:00 Double-Bit Axe
16:03 Wheelbarrow
21:20 Fletching
22:40 Padded Archer Armor
23:32 Scale Barding Armor
25:21 Scale Mail Armor
29:17 Castle Age
29:15 Forging
29:22 Crossbowman
30:08 Thumb Ring
30:00 Bodkin Arrow
29:28 Light Cavalry
31:11 Bloodlines
31:02 Husbandry
31:49 Hand Cart
31:47 Bow Saw
31:25 Pikeman
32:05 Squires
33:41 Town Watch
33:48 Gold Mining
34:42 Thumb Ring
36:45 Stone Mining
37:32 Gold Shaft Mining
37:16 Horse Collar
42:58 Imperial Age
41:12 Leather Archer Armor
42:39 Ballistics
44:03 Conscription
45:23 Two-Man Saw
44:14 Elite Chu Ko Nu
46:08 Chemistry
AperolSpritz
3:04 Loom
10:22 Feudal Age
10:49 Man-at-Arms
13:53 Double-Bit Axe
16:44 Horse Collar
17:02 Fishing Lines
23:03 Castle Age
24:02 Bow Saw
23:46 Gillnets
24:35 Wheelbarrow
25:47 Heavy Plow
32:55 Imperial Age
29:56 Long Swordsman
30:39 Squires
30:24 Gambesons
31:42 Arson
32:09 Scale Mail Armor
32:20 Forging
32:42 Fletching
32:47 Guard Tower
33:34 Chain Mail Armor
32:57 Two-Handed Swordsman
34:15 Iron Casting
33:50 Champion
34:35 Fletching
35:16 Plate Mail Armor
36:54 Bodkin Arrow
38:03 Blast Furnace
38:26 Yasama
38:48 Conscription
38:27 Bodkin Arrow
39:36 Chemistry
38:59 Ballistics
38:30 Pikeman
40:18 Keep
39:51 Halberdier
40:20 Arrowslits
41:36 Bracer
45:02 Coinage
ZKP
11:24 Feudal Age
13:39 Loom
16:16 Castle Age
13:57 Horse Collar
14:40 Double-Bit Axe
15:33 Fishing Lines
17:57 Bow Saw
19:38 Heavy Plow
21:35 Wheelbarrow
20:54 Gold Mining
21:32 Gillnets
25:09 Hand Cart
28:58 Imperial Age
28:02 Scale Barding Armor
28:07 Forging
28:44 Gold Shaft Mining
28:00 Stone Mining
29:23 Chain Barding Armor
30:17 Chemistry
28:49 Cavalier
29:40 Bloodlines
29:31 Husbandry
30:12 Savar
31:27 Plate Barding Armor
31:50 Iron Casting
32:19 Coinage
33:05 Two-Man Saw
35:00 Blast Furnace
35:10 Banking
35:17 Conscription
36:27 Light Cavalry
37:32 Caravan
38:11 Hussar
43:27 Onager
RattleSmox
11:07 Feudal Age
16:16 Castle Age
15:35 Double-Bit Axe
15:36 Horse Collar
17:05 Fishing Lines
18:04 Gillnets
20:49 Bow Saw
21:04 Scale Barding Armor
21:21 Forging
21:31 Scale Barding Armor
22:32 Heavy Plow
26:20 Chain Barding Armor
27:59 Fletching
29:25 Wheelbarrow
28:36 Town Watch
28:37 Loom
31:55 Imperial Age
29:07 Pikeman
29:44 Bodkin Arrow
29:50 Padded Archer Armor
30:40 Squires
30:47 Scale Mail Armor
32:03 Leather Archer Armor
31:39 Elite Skirmisher
32:03 Halberdier
33:01 Chain Mail Armor
33:01 Guilds
33:23 Ballistics
34:05 Chemistry
34:13 Bracer
34:43 Ring Archer Armor
35:27 Plate Mail Armor
36:45 Iron Casting
37:37 Houfnice
40:24 Blast Furnace
39:37 Masonry
39:37 Siege Engineers
kesavv8
0:44 Loom
16:59 Feudal Age
Connection lost

Rejoining the realm…

Still unreachable

The connection could not be restored.

Session expired

The server has moved on; the page needs a fresh start.